 Dungeon Sprint DCSS version 0.25-a0-834-g55863b0 (webtiles) character file.

Game seed: 3256951878854777155, levelgen mode: deterministic

50137 Krakonus1 the Peltast (level 14, -6/119 HPs)
             Began as an Octopode Fighter on Apr 22, 2020.
             Was the Champion of Okawaru.
             Killed by the air
             ... invoked by a wind drake
              (13 damage)
             ... in the Dungeon (Sprint V: "Ziggurat Sprint").
             The game lasted 00:27:09 (2301 turns).

Krakonus1 the Peltast (Octopode Fighter)            Turns: 2301, Time: 00:27:10

Health: -6/119     AC: 10    Str: 37    XL:     14   Next: 53%
Magic:  12/12      EV: 29    Int: 16    God:    Okawaru [******]
Gold:   0          SH: 40    Dex: 30    Spells: 13/13 levels left

rFire    + . .     SeeInvis .   a - +12 lance "Wyrmbane" {slay drac, rPois rF+ rC+ AC+3}
rCold    + + +     Gourm    .   F - +18 shield of the Gong {rElec rN+ MR+ EV-5}
rNeg     + + .     Faith    .   L - +2 hat of Going Fast {rElec rC+ Stlth+}
rPois    +         Spirit   .   P - amulet "Buikk" {Reflect Str+2 Dex+5 Slay+3 SH+3}
rElec    +         Reflect  +   Y - ring of the Locust {MR+ Int+5}
rCorr    .         Harm     .   w - +6 ring of dexterity
MR       +++..     NoTele   +   x - +6 ring of dexterity
Stlth    +++++++++.             K - ring of stealth
HPRegen  0.29/turn              b - +4 ring of protection
MPRegen  0.13/turn              A - +6 ring of strength
                                B - +6 ring of strength
                                O - ring of Uvowk {*Contam rC+ rN+ Str+3 Dex+2}

@: mighty, berserk cooldown, hasted and slowed, studying Unarmed Combat,
invisible
A: almost no armour, stealthy swim, amphibious, 8 rings, constrict 8, camouflage
1, low mp 1, gelatinous body 1
a: Heroism, Finesse, Renounce Religion


You were in the Dungeon.
You worshipped Okawaru.
Okawaru was exalted by your worship.
You were not hungry.

You visited 1 branch

Inventory:

Hand Weapons
 a - the +12 lance "Wyrmbane" (weapon) {slay drac, rPois rF+ rC+ AC+3}
   (You found it in the Dungeon)

   It affects your AC (+3).
   It protects you from fire.
   It protects you from cold.
   It protects you from poison.
Armour
 F - the +18 shield of the Gong (worn) {rElec rN+ MR+ EV-5}
   (You found it in the Dungeon)

   It affects your evasion (-5).
   It insulates you from electricity.
   It protects you from negative energy.
   It affects your resistance to hostile enchantments.
 L - the +2 hat of Going Fast (worn) {rElec rC+ Stlth+}
   (Okawaru gifted it to you in the Dungeon)

   It protects you from cold.
   It insulates you from electricity.
   It makes you more stealthy.
Jewellery
 b - a +4 ring of protection (on tentacle)
 f - a +4 ring of intelligence
 n - the ring "Huurai Tuem" {rPois EV+3}
   (You found it in the Dungeon)

   [ring of evasion]

   It affects your evasion (+3).
   It protects you from poison.
 v - a +4 amulet of reflection
 w - a +6 ring of dexterity (right tentacle)
 x - a +6 ring of dexterity (on tentacle)
 A - a +6 ring of strength (on tentacle)
 B - a +6 ring of strength (on tentacle)
 H - an uncursed ring of protection from magic
 K - a ring of stealth (on tentacle)
 M - an uncursed ring of protection from fire
 N - an uncursed ring of positive energy
 O - the ring of Uvowk (on tentacle) {*Contam rC+ rN+ Str+3 Dex+2}
   (You took it off Frances in the Dungeon)

   [ring of strength]

   It affects your strength (+3).
   It affects your dexterity (+2).
   It protects you from cold.
   It protects you from negative energy.
   It causes magical contamination when unequipped.
 P - the amulet "Buikk" (around mantle) {Reflect Str+2 Dex+5 Slay+3 SH+3}
   (You found it in the Dungeon)

   [amulet of reflection]

   It shields you and reflects attacks.
   It affects your strength (+2).
   It affects your dexterity (+5).
   It affects your accuracy and damage with ranged weapons and melee attacks
   (+3).
   It affects your SH (+3).
 S - the ring "Dyteten" {rElec Str-3 Int+5 Dex+2 SInv}
   (You found it in the Dungeon)

   [ring of see invisible]

   It affects your strength (-3).
   It affects your intelligence (+5).
   It affects your dexterity (+2).
   It insulates you from electricity.
   It lets you see invisible.
 U - the ring "Xaicud" {AC+2 Int+2}
   (You found it in the Dungeon)

   [ring of protection]

   It affects your AC (+2).
   It affects your intelligence (+2).
 V - the ring "Igax" {*Slow Str+4 Dex+3 SInv}
   (You found it in the Dungeon)

   [ring of dexterity]

   It affects your strength (+4).
   It affects your dexterity (+3).
   It lets you see invisible.
   It may slow you when you take damage.
 W - an uncursed ring of poison resistance
 X - an uncursed ring of ice
 Y - the ring of the Locust (left tentacle) {MR+ Int+5}
   (You found it in the Dungeon)

   [ring of protection from magic]

   It affects your intelligence (+5).
   It affects your resistance to hostile enchantments.
 Z - an uncursed ring of flight
Scrolls
 j - 4 scrolls of blinking
 p - 4 scrolls of amnesia
 q - 7 scrolls of fog
 r - a scroll of holy word
 s - 5 scrolls of identify
 t - 5 scrolls of remove curse
 u - 2 scrolls of fear
Potions
 e - 9 potions of curing
 h - 7 potions of magic
 k - 2 potions of brilliance
 m - a potion of resistance
 o - 7 potions of stabbing
Books
 y - a manual of Unarmed Combat
Comestibles
 d - 5 rations


   Skills:
 + Level 19.2 Fighting
 + Level 15.4 Polearms
 + Level 19.1 Dodging
 * Level 16.9 Stealth
 + Level 19.2 Shields


You had 13 spell levels left.
You didn't know any spells.
Your spell library contained the following spells:

 Spells                   Type           Power        Failure   Level  Hunger
 Beastly Appendage        Tmut           #.....       26%         1    ##.....
 Corona                   Hex            #......      26%         1    ##.....
 Foxfire                  Conj/Fire      #...         26%         1    ##.....
 Sandblast                Erth           #.....       26%         1    ##.....
 Blink                    Tloc           N/A          36%         2    ###....
 Ensorcelled Hibernation  Hex/Ice        #.....       36%         2    ###....
 Passwall                 Tmut/Erth      #.......     36%         2    ###....
 Poisonous Vapours        Pois/Air       #.....       36%         2    ###....
 Shroud of Golubria       Chrm/Tloc      #.....       36%         2    ###....
 Slow                     Hex            #.......     36%         2    ###....
 Sticks to Snakes         Tmut           #.......     36%         2    ###....
 Confusing Touch          Hex            #.......     58%         3    ####...
 Conjure Flame            Conj/Fire      #.......     58%         3    ####...
 Gell's Gravitas          Tloc           #.........   58%         3    ####...
 Ignite Poison            Fire/Tmut/Pois #.......     58%         3    ####...
 Inner Flame              Hex/Fire       #.......     58%         3    ####...
 Lesser Beckoning         Tloc           #.........   58%         3    ####...
 Mephitic Cloud           Conj/Pois/Air  #.......     58%         3    ####...
 Portal Projectile        Hex/Tloc       #.....       58%         3    ####...
 Recall                   Summ/Tloc      N/A          58%         3    ####...
 Spider Form              Tmut/Pois      #.........   58%         3    ####...
 Static Discharge         Conj/Air       #.......     58%         3    ####...
 Stone Arrow              Conj/Erth      #.....       58%         3    ####...
 Teleport Other           Tloc           #.......     58%         3    ####...
 Cause Fear               Hex            #.........   94%         4    #####..
 Ice Form                 Ice/Tmut       #.......     94%         4    #####..
 Leda's Liquefaction      Hex/Erth       #.........   94%         4    #####..
 Passage of Golubria      Tloc           N/A          94%         4    #####..
 Petrify                  Tmut/Erth      #.......     94%         4    #####..
 Summon Ice Beast         Ice/Summ       #.......     94%         4    #####..
 Alistair's Intoxication  Tmut/Pois      #.......     100%        5    ######.
 Aura of Abjuration       Summ           #.........   100%        5    ######.
 Blade Hands              Tmut           #.........   100%        5    ######.
 Irradiate                Conj/Tmut      #.........   100%        5    ######.
 Lee's Rapid Deconstruct  Erth           #.........   100%        5    ######.
 Lightning Bolt           Conj/Air       #.........   100%        5    ######.
 Metabolic Englaciation   Hex/Ice        #.........   100%        5    ######.
 Silence                  Hex/Air        #.........   100%        5    ######.
 Summon Demon             Summ           #.........   100%        5    ######.
 Summon Forest            Summ/Tloc      #.........   100%        5    ######.
 Summon Mana Viper        Hex/Summ       #.......     100%        5    ######.
 Yara's Violent Unravell  Hex/Tmut       #.........   100%        5    ######.
 Freezing Cloud           Conj/Ice/Air   #.........   100%        6    #######
 Hydra Form               Tmut           #.........   100%        6    #######
 Ozocubu's Refrigeration  Ice            #.........   100%        6    #######
 Shadow Creatures         Summ           N/A          100%        6    #######
 Simulacrum               Ice/Necr       #.........   100%        6    #######
 Starburst                Conj/Fire      #.........   100%        6    #######
 Statue Form              Tmut/Erth      #........    100%        6    #######
 Dragon Form              Tmut           #.........   100%        7    #######
 Ring of Flames           Chrm/Fire      #.........   100%        7    #######
 Discord                  Hex            #.........   100%        8    #######
 Ignition                 Fire           #.........   100%        8    #######
 Shatter                  Erth           #.........   100%        9    #######
 Tornado                  Air            #.........   100%        9    #######


Dungeon Overview and Level Annotations

Branches:
Dungeon (1/1)

Altars:
Ashenzari
Cheibriados
Dithmenos
Elyvilon
Fedhas
Gozag
Hepliaklqana
Kikubaaqudgha
Makhleb
Nemelex Xobeh
Okawaru
Qazlal
Ru
Sif Muna
Trog
Uskayaw
Vehumet
Wu Jian
Xom
Yredelemnul
Zin
The Shining One
Beogh
Jiyva
Lugonu

Annotations:
D 1 transporter


Innate Abilities, Weirdness & Mutations

You cannot wear most types of armour.
You are very stealthy in the water. (Stealth+)
You are amphibious.
You can wear up to eight rings at the same time.
You can use your tentacles to constrict eight enemies at once.
Your skin changes colour to match your surroundings (Stealth+).
Your rubbery body absorbs attacks. (AC +1, EV +1)
Your magical capacity is low. (-10% MP)


Message History

You block the wind drake's attack.
GONNNNG!
You block the spriggan berserker's attack.
SHROANNG!
You block the dryad's attack.
GONNNNG!
The apis gores you.
* * * LOW HITPOINT WARNING * * *
You fade into invisibility!
The wind drake no longer looks unusually strong.
You block the wind drake's attack.
GONNNNG!
You block the spriggan berserker's attack.
PANG!
You block the dryad's attack.
SHROANNG!
You block the apis's attack.
GONNNNG!
The wind drake flaps its wings at you.
You die...

▓.▓▓▓.....▓▓▓.▓...........▓.
▓..▓.......▓..▓.....©.....▓.
▓.............▓▓▓▓▓▓▓▓▓▓▓▓▓.
▓......©......▓....8©8....▓.
▓▓▓▓▓▓▓▓▓▓▓▓▓▓▓...)).))...▓.
...8©8.(...▓....|).=)..▓.
.|..(::[|..▓...........▓▓
)}.":)))R..▓...........▓.
.....(..@..▓.....).....▓.
.....(.kiY.▓...........▓.
▓.......(..i..▓..▓.....▓..▓.
▓.........).).▓.▓▓▓...▓▓▓.▓.
▓..........).(▓..▓.....▓..▓.
▓........))...▓.....©.....▓.
▓..▓.......▓..▓▓▓▓▓▓▓▓▓▓▓▓▓.
▓.............▓....8©8....▓.
▓.............▓..}|[}}|...▓▓


You could see an apis, a wind drake, a spriggan berserker (berserk), a dryad and
a spriggan air mage.

Vanquished Creatures
  Nikola (D)
  A lich (D)
  2 acid blobs (D)
  2 shadow dragons (D)
  Frances (D)
  Kirke (D)
  An iron dragon (D)
  A ghoul (D)
  A spriggan defender (D)
  A stone giant (D)
  An apis (D)
  A crystal guardian (D)
  A fire dragon (D)
  7 vault guards (D)
  3 hydras (D)
  2 satyrs (D)
  Erica (D)
  A dancing weapon (D)
  A shambling mangrove (D)
  A spriggan berserker (D)
  2 deep elf knights (D)
  4 soul eaters (D)
  6 iron golems (D)
  A spriggan druid (D)
  A swamp dragon (D)
  A death drake (D)
  2 deep elf magi (D)
  3 shining eyes (D)
  A faun (D)
  A spiny frog (D)
  2 eyes of devastation (D)
  A gargoyle (D)
  A komodo dragon (D)
  5 rime drakes (D)
  2 yaktaurs (D)
  4 slime creatures (D)
  2 hornets (D)
  A wind drake (D)
  Grinder (D)
  A water elemental (D)
  2 spriggans (D)
  Sigmund (D)
  A wraith (D)
  A yak (D)
  A wyvern (D)
  2 acid dragons (D)
  A small abomination (D)
  3 water moccasins (D)
  A swamp drake (D)
  2 phantoms (D)
  2 black bears (D)
  4 necrophages (D)
  A wolf (D)
  A bullfrog (D)
  Blork the orc (D)
  3 earth elementals (D)
  A wight (D)
  3 crimson imps (D)
  2 iron imps (D)
  6 jellies (D)
  Crazy Yiuf (D)
  Jessica (D)
  Ijyb (D)
  An iguana (D)
  2 adders (D)
  2 white imps (D)
  4 oozes (D)
  An adder zombie (D)
  2 adder skeletons (D)
  3 spectral bats (D)
  A bat skeleton (D)
  A bat zombie (D)
  3 ball pythons (D)
  A giant cockroach zombie (D)
  A jackal skeleton (D)
  A quokka skeleton (D)
  A butterfly (D)
139 creatures vanquished.

Vanquished Creatures (others)
  Agnes (D)
  A satyr (D)
  Psyche (D)
3 creatures vanquished.

Grand Total: 142 creatures vanquished

Notes
Turn   | Place    | Note
-------+----------+-------------------------------------------
     0 | D        | Krakonus1 the Octopode Fighter began the quest for the Orb.
     0 | D        | Reached XP level 1. HP: 16/16 MP: 1/1
     0 | D        | Found a blossoming altar of Fedhas.
     1 | D        | Found the +6 Majin-Bo {vamp, Archmagi MP+6 Int+6}
     1 | D        | Found the +7 great mace "Firestarter" {inner flame, rF++}
     1 | D        | Found a shimmering blue altar of Sif Muna.
     1 | D        | Found a sacrificial altar of Ru.
     1 | D        | Found a bloodstained altar of Trog.
     1 | D        | Found a stormy altar of Qazlal.
     1 | D        | Found an iron altar of Okawaru.
     1 | D        | Found a sparkling altar of Nemelex Xobeh.
     3 | D        | Found a transporter.
     3 | D        | Found an ancient bone altar of Kikubaaqudgha.
     3 | D        | Found a viscous altar of Jiyva.
     3 | D        | Found a corrupted altar of Lugonu.
     3 | D        | Found a hazy altar of Hepliaklqana.
     3 | D        | Found a burning altar of Makhleb.
     3 | D        | Found an opulent altar of Gozag.
    37 | D        | Found the +9 heavy crossbow "Sniper" {vorpal, Acc+∞ SInv}
    37 | D        | Found the +10 dark maul {vorpal}
    37 | D        | Found the +15 Maxwell's patent armour {-Cast -Tele rElec
                  | MR+ rCorr}
    37 | D        | Found the +18 shield of the Gong {rElec rN+ MR+ EV-5}
    37 | D        | Found the cursed +14 obsidian axe {vorpal, +Fly SInv
                  | *Curse}
    38 | D        | Found the +6 shillelagh "Devastator" {shatter}
    38 | D        | Found the +11 plutonium sword {*Contam Stlth-}
    38 | D        | Found the +8 lance "Wyrmbane" {slay drac, rPois rF+ rC+
                  | AC+3}
    38 | D        | Found the +9 sword of Zonguldrok {reap}
    38 | D        | Found the cursed +13 scythe of Curses {drain, *Curse}
    38 | D        | Found the +0 sword of Power
    38 | D        | Found the +7 mace of Variability {chain chaos}
    38 | D        | Found the +7 Singing Sword {vorpal, sonic wave}
    38 | D        | Found the +8 storm bow {elec, penet}
    86 | D        | Became a worshipper of Warmaster Okawaru
   132 | D        | Entered arena 2.
   132 | D        | Noticed a black bear
   132 | D        | Noticed a black bear
   132 | D        | Found a transporter.
   135 | D        | Killed a black bear
   135 | D        | Reached * piety under Okawaru
   135 | D        | Reached ** piety under Okawaru
   135 | D        | Reached skill level 5 in Fighting
   135 | D        | Reached skill level 5 in Dodging
   135 | D        | Reached skill level 5 in Shields
   135 | D        | Reached XP level 2. HP: 24/24 MP: 2/2
   135 | D        | Reached XP level 3. HP: 29/29 MP: 3/3
   135 | D        | Reached XP level 4. HP: 35/35 MP: 4/4
   138 | D        | Killed a black bear
   138 | D        | Reached XP level 5. HP: 40/42 MP: 5/5
   150 | D        | Entered arena 3.
   150 | D        | Noticed a water moccasin
   150 | D        | Found a transporter.
   157 | D        | Killed a water moccasin
   157 | D        | Reached skill level 5 in Polearms
   157 | D        | Reached XP level 6. HP: 45/49 MP: 6/6
   191 | D        | Entered arena 4.
   191 | D        | Noticed a necrophage
   191 | D        | Noticed a phantom
   191 | D        | Noticed a necrophage
   191 | D        | Found a transporter.
   194 | D        | Killed a necrophage
   199 | D        | Killed a necrophage
   199 | D        | Reached XP level 7. HP: 56/56 MP: 5/7
   202 | D        | Reached *** piety under Okawaru
   210 | D        | Got the cursed +1 spear of Mandamus {freeze, *Noise rC+
                  | Dex+2}
   221 | D        | Entered arena 5.
   221 | D        | Noticed Sigmund
   221 | D        | Noticed Jessica
   221 | D        | Noticed Blork the orc
   221 | D        | Noticed Crazy Yiuf
   221 | D        | Found a transporter.
   222 | D        | Found the +9 staff of Wucad Mu {channel}
   225 | D        | Killed Crazy Yiuf
   233 | D        | Killed Sigmund
   234 | D        | Killed Jessica
   236 | D        | Killed Blork the orc
   246 | D        | Got the ring of the Locust {MR+ Int+5}
   282 | D        | Entered arena 6.
   282 | D        | Found a transporter.
   286 | D        | Reached XP level 8. HP: 64/64 MP: 8/8
   301 | D        | Entered arena 7.
   301 | D        | Noticed a deep elf knight
   301 | D        | Noticed a deep elf knight
   301 | D        | Noticed a +1 mace of holy wrath
   301 | D        | Noticed a deep elf mage
   301 | D        | Noticed a deep elf mage
   301 | D        | Noticed a water elemental
   302 | D        | Found the +7 captain's cutlass {speed, disarm}
   302 | D        | Found a transporter.
   306 | D        | Killed a +1 mace of holy wrath
   306 | D        | Reached **** piety under Okawaru
   306 | D        | Reached skill level 10 in Fighting
   306 | D        | Reached skill level 10 in Dodging
   306 | D        | Reached skill level 10 in Shields
   306 | D        | Reached XP level 9. HP: 71/71 MP: 6/9
   309 | D        | Noticed a smoke demon
   311 | D        | Reached XP level 10. HP: 53/79 MP: 6/10
   317 | D        | Killed a deep elf knight
   317 | D        | Received a gift from Okawaru
   326 | D        | Killed a deep elf knight
   337 | D        | Noticed a smoke demon
   350 | D        | Noticed an orange demon
   358 | D        | Killed a deep elf mage
   368 | D        | Killed a deep elf mage
   380 | D        | Got the ring "Huurai Tuem" {rPois EV+3}
   532 | D        | Entered arena 8.
   532 | D        | Noticed a spiny frog
   536 | D        | Found a transporter.
   540 | D        | Killed a spiny frog
   540 | D        | Reached ***** piety under Okawaru
   571 | D        | Entered arena 9.
   571 | D        | Noticed a shining eye
   571 | D        | Noticed a shining eye
   571 | D        | Noticed an eye of devastation
   572 | D        | Found a transporter.
   579 | D        | Killed an eye of devastation
   579 | D        | Reached XP level 11. HP: 79/88 MP: 8/11
   582 | D        | Killed a shining eye
   582 | D        | Reached skill level 10 in Polearms
   586 | D        | Gained mutation: Your magical capacity is low. (-10% MP) [a
                  | shining eye]
   593 | D        | Killed a shining eye
   605 | D        | Got the amulet of Sumob {Inacc rPois Dex-3 Stlth+}
   611 | D        | Entered arena 10.
   612 | D        | Found a transporter.
   651 | D        | Entered arena 11.
   652 | D        | Found a transporter.
   658 | D        | Received a gift from Okawaru
   673 | D        | Got a dazzling hat {god gift}
   679 | D        | Identified the +2 hat of Going Fast {rElec rC+ Stlth+}
                  | (Okawaru gifted it to you in the Dungeon)
   693 | D        | Entered arena 12.
   693 | D        | Noticed Nikola
   693 | D        | Noticed Agnes
   693 | D        | Noticed Ijyb
   693 | D        | Noticed Kirke
   694 | D        | Noticed Erica
   696 | D        | Noticed Psyche
   696 | D        | Noticed Grinder
   698 | D        | Identified the ring of Uvowk {*Contam rC+ rN+ Str+3 Dex+2}
   698 | D        | Noticed Frances
   703 | D        | Killed Psyche
   704 | D        | Killed Ijyb
   706 | D        | Killed Agnes
   710 | D        | Noticed a soul eater
   710 | D        | Killed Nikola
   722 | D        | Killed Frances
   722 | D        | Reached skill level 15 in Fighting
   722 | D        | Reached skill level 15 in Dodging
   722 | D        | Reached skill level 15 in Shields
   724 | D        | Noticed a lindwurm
   729 | D        | Killed Grinder
   731 | D        | Killed Erica
   731 | D        | Reached XP level 12. HP: 48/99 MP: 8/10
   732 | D        | Killed Kirke
   732 | D        | Reached ****** piety under Okawaru
   732 | D        | Received a gift from Okawaru
   735 | D        | Found a transporter.
   755 | D        | Got the amulet "Buikk" {Reflect Str+2 Dex+5 Slay+3 SH+3}
   785 | D        | Got Sif Muna's Papyrus of Glacial Transmutation
   971 | D        | Entered arena 13.
   971 | D        | Noticed a ghoul
   971 | D        | Noticed a soul eater
   971 | D        | Noticed a soul eater
   972 | D        | Noticed a soul eater
   972 | D        | Noticed a soul eater
   973 | D        | Found a transporter.
   983 | D        | Killed a ghoul
   989 | D        | Killed a soul eater
   992 | D        | Killed a soul eater
   997 | D        | Killed a soul eater
  1001 | D        | Killed a soul eater
  1028 | D        | Entered arena 14.
  1029 | D        | Noticed a shadow dragon
  1029 | D        | Noticed a vault guard
  1029 | D        | Noticed a vault guard
  1029 | D        | Noticed a vault guard
  1033 | D        | Noticed a vault guard
  1033 | D        | Noticed a vault guard
  1034 | D        | Noticed a lich
  1034 | D        | Noticed a vault guard
  1035 | D        | Noticed a shadow dragon
  1037 | D        | Noticed a vault guard
  1041 | D        | Killed a vault guard
  1045 | D        | Killed a vault guard
  1047 | D        | Killed a vault guard
  1057 | D        | Killed a shadow dragon
  1057 | D        | Received a gift from Okawaru
  1062 | D        | Killed a vault guard
  1064 | D        | Killed a vault guard
  1066 | D        | Killed a lich
  1066 | D        | Reached XP level 13. HP: 73/108 MP: 4/11
  1069 | D        | Killed a vault guard
  1072 | D        | Killed a shadow dragon
  1079 | D        | Killed a vault guard
  1085 | D        | Found a transporter.
  1103 | D        | Got the ring "Dyteten" {rElec Str-3 Int+5 Dex+2 SInv}
  1134 | D        | Entered arena 15.
  1136 | D        | Noticed a crystal guardian
  1136 | D        | Noticed an iron dragon
  1136 | D        | Noticed a stone giant
  1137 | D        | Found a transporter.
  1155 | D        | Killed a crystal guardian
  1165 | D        | Killed a stone giant
  1175 | D        | Killed an iron dragon
  1181 | D        | Received a gift from Okawaru
  1225 | D        | Reached skill level 10 in Stealth
  1234 | D        | Got the ring "Xaicud" {AC+2 Int+2}
  1237 | D        | Got the ring "Igax" {*Slow Str+4 Dex+3 SInv}
  1247 | D        | Got the Almanac of Blistering Stones
  1510 | D        | Entered arena 16.
  1514 | D        | Noticed an acid blob
  1514 | D        | Noticed an acid blob
  1518 | D        | Found a transporter.
  1525 | D        | Killed an acid blob
  1532 | D        | Killed an acid blob
  1855 | D        | Entered arena 17.
  1859 | D        | Noticed a fire dragon
  1860 | D        | Found a transporter.
  1869 | D        | Reached XP level 14. HP: 88/117 MP: 4/12
  1880 | D        | Received a gift from Okawaru
  2250 | D        | Entered arena 18.
  2256 | D        | Noticed an apis
  2256 | D        | Noticed a spriggan defender
  2258 | D        | Noticed an apis
  2259 | D        | Found a transporter.
  2268 | D        | Reached skill level 15 in Stealth
  2269 | D        | Reached skill level 15 in Polearms
  2271 | D        | Killed a spriggan defender
  2282 | D        | Killed an apis
  2299 | D        | HP: 8/119 [spriggan air mage/the air (17)]
  2301 | D        | Killed from afar by a wind drake

Levels and vault maps discovered:
D:        sprint_v [room_start, room_1, room_2, room_3, room_4, room_5, room_6,
          room_7, room_8, room_9, room_10, room_11, room_12, room_13, room_14,
          room_15, room_16, room_17, room_18, room_19, room_20, room_21,
          room_22, room_23, room_24, room_25, room_26, room_27]

Skill      XL: |  1  2  3  4  5  6  7  8  9 10 11 12 13 14 |
---------------+-------------------------------------------+-----
Fighting       | 5 6 7 8 9 10 11 13 15 17 18 19 | 19.2
Polearms       | 3 4 5 6 7 8 9 11 12 14 15 | 15.4
Dodging        | 5 6 7 8 9 10 11 13 15 17 18 19 | 19.1
Shields        | 5 6 7 8 9 10 11 13 15 17 18 19 | 19.2
Stealth        | 12 16 | 16.9

Action                   |  1- 3 |  4- 6 |  7- 9 | 10-12 | 13-15 || total
-------------------------+-------+-------+-------+-------+-------++-------
Melee: Lance             |     2 |    15 |    26 |   206 |   196 ||   445
       Constrict         |       |     2 |     3 |    34 |     8 ||    47
       Tentacles         |       |     3 |     5 |    87 |    82 ||   177
       Punch             |       |       |     1 |     3 |       ||     4
Invok: Heroism           |       |     1 |     2 |     6 |     3 ||    12
       Finesse           |       |       |       |     1 |     1 ||     2
  Use: Potion            |       |       |     2 |    15 |    18 ||    35
 Stab: Sleeping          |     1 |     1 |       |       |     1 ||     3
       Invisible         |       |       |       |       |     3 ||     3
       Confused          |       |       |       |       |     2 ||     2
  Eat: Ration            |       |       |     1 |       |     1 ||     2
Armor: Skin              |       |     1 |       |     6 |     7 ||    14
Dodge: Dodged            |       |     2 |     8 |    75 |    59 ||   144
Block: Kite shield       |       |    10 |    25 |   246 |   282 ||   563
       Reflection        |       |       |       |       |    16 ||    16

Table legend:
 A = Non-vault XP
 B = Vault XP
 C = Vault XP percentage of total XP
 D = Non-vault monster count
 E = Vault monster count
 F = Vault count percentage of total count
                 A         B        C        D         E       F
            +---------+---------+-------+---------+---------+-------
      Total |     762 |   68550 |  98.9 |       3 |     136 |  97.8
            +---------+---------+-------+---------+---------+-------
          D |     762 |   68550 |  98.9 |       3 |     136 |  97.8
            +---------+---------+-------+---------+---------+-------
